[Event "4NCL 2022-2023"]
[Site "Daventry"]
[Date "2023.03.18"]
[Round "7.36"]
[White "Czopor, Maciej"]
[Black "Chan, Sheng Liang Bernard"]
[Result "1/2-1/2"]
[ECO "D02"]
[WhiteElo "2412"]
[BlackElo "2019"]
[Annotator "TA"]
[PlyCount "75"]
[EventDate "2022.10.20"]
[EventType "team-tourn"]
[EventCountry "ENG"]
[SourceTitle "playchess.com"]
[Source "ChessBase"]
[SourceQuality "1"]
[TimeControl "40/6000+30:2400+30"]

1. d4 Nf6 2. Nf3 d5 3. Bf4 e6 4. e3 Bd6 5. Bg3 O-O 6. Nbd2 c5 7. c3 b6 8. Bd3 Bb7 9. Ne5 Nc6 10. O-O Qc7 11. f4 Ne7 {[%emt 0:00:10] D02: 1 d4 d5 2 Nf3 sidelines, including 2...Nf6 3 g3 and 2...Nf6 3 Bf4.} 12. Qf3 Nf5 13. Bf2 Be7 14. Ng4 Nxg4 15. Qxg4 Nd6 (15... g6 {simplifies} 16. Qe2 Nd6 17. g4 Ne4) 16. Bh4 {[%emt 0:07:16] [#]} Ne4 $146 ({Predecessor:} 16... f5 17. Qh3 a5 18. Bxe7 Qxe7 19. Qf3 Ba6 20. Bxa6 Rxa6 21. b3 Rc8 22. c4 dxc4 23. bxc4 cxd4 24. exd4 Nxc4 25. Nxc4 Rxc4 {0-1 Boric,M (2368)-Drasko,M (2434) BIH-chT 17th 2018 (9.1)}) 17. Bxe7 Qxe7 18. Rad1 Bc6 19. Nxe4 dxe4 20. Bc2 Bd5 21. b3 {[%emt 0:06:42] Prevents Bc4} c4 22. f5 exf5 23. Rxf5 cxb3 (23... Rad8 $11 {feels stronger.}) 24. axb3 $16 ({Much weaker is} 24. Bxb3 Bxb3 25. axb3 g6 $11) 24... Bb7 25. Rf4 (25. Re5 $5 Qc7 26. c4 $11 (26. Bxe4 Bxe4 27. Qxe4 Qxc3 $11)) 25... Rae8 26. Rdf1 g6 {[%emt 0:02:11] [#]} (26... Bc8 $14 27. Qd1 f5) 27. Rf6 $1 Bc8 28. Qf4 {[%emt 0:05:37] White has more active pieces.} Bf5 {[%emt 0:02:47] [#]} (28... Kg7 $16) 29. Qh4 $2 (29. Qg5 $1 $18 Be6 30. R1f4 (30. Bxe4 Bxb3 {[%mdl 64] Discovered Attack} 31. Bd5 Bxd5 $17)) 29... Kg7 $1 $36 {[%emt 0:01:24][%mdl 2048] Black is pushing. The position is equal.} 30. R1xf5 gxf5 31. Qg5+ Kh8 {[%emt 0:00:13] Threatens to win with ...Qa3.} 32. Qxf5 Qa3 {[%emt 0:01:55] Hoping for ...Qc1+.} 33. Bxe4 (33. Rh6 $5 Qc1+ $8 34. Kf2 Qd2+ 35. Kf1 Qc1+ 36. Kf2 Qd2+ 37. Kf1 Qc1+ 38. Kf2 $11) 33... Qc1+ (33... Qxb3 $2 34. Qxh7#) 34. Kf2 Qd2+ 35. Kf1 {[%emt 0:01:24][%csl Ge4][%cal Rf5h7] The board is on fire.} (35. Kf3 $5 Qd1+ $8 36. Kf4 Qf1+ 37. Kg5 Rg8+ 38. Kh6 Qxf5 39. Bxf5 $11) 35... Qd1+ (35... Qxc3 $2 36. Qxh7#) 36. Kf2 Qd2+ (36... Qxb3 $2 37. Qxh7#) 37. Kf3 (37. Kf1 $5 Qd1+ $8 38. Kf2 Qd2+ $11) 37... Qd1+ $1 38. Kf2 {[%emt 0:02:21] Weighted Error Value: White=0.17 (very precise) /Black=0.18 (very precise)} 1/2-1/2

[Event "4NCL 2022-2023"]
[Site "Daventry"]
[Date "2023.03.18"]
[Round "7.38"]
[White "Yao, Lan"]
[Black "Kisteneva, Liza"]
[Result "1-0"]
[ECO "B96"]
[WhiteElo "2279"]
[BlackElo "2057"]
[Annotator "TA"]
[PlyCount "59"]
[EventDate "2022.10.20"]
[EventType "team-tourn"]
[EventCountry "ENG"]
[SourceTitle "playchess.com"]
[Source "ChessBase"]
[SourceQuality "1"]
[TimeControl "40/6000+30:2400+30"]

1. e4 c5 2. Nf3 d6 3. d4 cxd4 4. Nxd4 Nf6 5. Nc3 a6 6. Bg5 e6 7. f4 Qc7 8. Qf3 b5 9. O-O-O b4 {[%emt 0:02:22] [#]} (9... Nbd7 $1 $11) 10. Nd5 {[%emt 0:01:21] B96: Sicilian Najdorf: 6 Bg5 e6 7 f4, lines other than 7...Qb6 and 7...Be7.} exd5 $15 11. Bxf6 {[%emt 0:00:23][%mdl 64] Remove Defender} gxf6 12. exd5 {[%emt 0:00:10] [#] Black is slightly better.} Bh6 $146 ({Better is} 12... Qc5 $15) ({Predecessor:} 12... Bg7 13. Re1+ Kf8 14. Qe4 Qd8 15. Nc6 f5 16. Qxb4 Nxc6 17. dxc6 Qc7 18. Qa4 Be6 {0-1 Pershin,D (2400)-Nenezic,M (2515) EU-ch rapid Skopje 2018 (6)}) 13. Bd3 $1 $14 Nd7 14. Rhe1+ ({Much weaker is} 14. Nf5 Ne5 15. Qe4 Bxf5 16. Qxf5 Kf8 $17) 14... Kf8 $1 (14... Ne5 $2 15. Kb1 Bf8 16. Nc6 $18) 15. Nf5 $36 {[%emt 0:08:57][%cal Bd4f5,Bf5h6,Bh6g4][%mdl 2080] Black is under pressure.} Ne5 16. Rxe5 fxe5 17. Nxh6 {[%emt 0:00:07] Hoping for fxe5.} e4 18. Qxe4 $18 Kg7 $2 {[%emt 0:08:05] [#] Black is weak on the light squares} (18... f5 19. Qxb4 Rb8) 19. f5 $1 f6 (19... Qd8 20. Qe3) 20. Qh4 (20. Qg4+ $18 {is the precise move to win.} Kxh6 21. Re1 (21. Qxb4 $2 {loses.} Re8 $19)) 20... Ra7 $2 (20... Rf8 $16) 21. Ng4 Qd8 22. Qh6+ Kf7 23. Re1 {[%emt 0:01:08][%cal Oe1e6] Strongly threatening Re6!} Rg8 24. Qxh7+ Kf8 25. Qxa7 (25. Qh6+ $142 Rag7 26. Nxf6 {[%mdl 64] Trapped Piece}) 25... Rxg4 26. Qf2 Bb7 27. h3 Rg5 28. g4 Bxd5 29. Qd4 Bg2 30. Re6 {[%emt 0:01:05] An exciting game.   Weighted Error Value: White=0.85/Black=1.50} 1-0

[Event "4NCL 2022-2023"]
[Site "Daventry"]
[Date "2023.03.18"]
[Round "7.39"]
[White "Arnott, Jonathan W"]
[Black "Hunt, Harriet V"]
[Result "0-1"]
[ECO "B21"]
[WhiteElo "2073"]
[BlackElo "2343"]
[Annotator "TA"]
[PlyCount "132"]
[EventDate "2022.10.20"]
[EventType "team-tourn"]
[EventCountry "ENG"]
[SourceTitle "playchess.com"]
[Source "ChessBase"]
[SourceQuality "1"]
[TimeControl "40/6000+30:2400+30"]

1. e4 c5 2. Be2 Nc6 3. d3 g6 4. f4 Bg7 5. Nf3 e6 6. O-O Nge7 7. c3 d5 8. e5 b6 {[%emt 0:17:09] B21: Sicilian: 2 f4 and Morra Gambit.} 9. d4 Bb7 {[%emt 0:02:29] [#]} 10. a4 $146 ({Predecessor:} 10. Be3 cxd4 11. cxd4 O-O 12. Nc3 f6 13. g4 a6 14. Qd2 b5 15. Rac1 Rc8 16. Nd1 {0-1 Buchenau,F (2294)-Hjartarson,J (2513) Helsingor Xtracon op 2019 (6)}) 10... Rc8 {[%emt 0:05:57] The position is equal.} 11. Na3 a6 12. Nc2 Na5 13. Ne3 (13. dxc5 {feels hotter.} Nb3 14. c6 Nxc6 15. Ra3) 13... Nf5 14. Nxf5 exf5 15. b3 O-O 16. Ba3 Re8 17. b4 cxb4 18. cxb4 Nc4 19. Qb3 {[%emt 0:04:13] Prevents Ne3} Bf8 20. Bxc4 (20. Bb2 $11 {remains equal.}) 20... dxc4 $17 21. Qc3 Qd5 22. Rf2 b5 23. axb5 ({Better is} 23. Bb2) 23... axb5 24. Bc1 Ra8 {[%emt 0:01:21] aiming for ...Rxa1.} 25. Rfa2 Rxa2 26. Rxa2 {[%emt 0:00:03] White is weak on the light squares} Ra8 27. Rxa8 Bxa8 28. Kf2 Qe4 29. Bd2 Bd5 30. Qe3 Qc2 31. Qc3 Qd1 32. Ne1 Be4 33. Qe3 Be7 {[%emt 0:02:17] A strong pair of Bishops.} (33... Qb1 $19 34. Qc3 h5) 34. Bc3 Bd5 {[%emt 0:06:35] Black is much more active.} 35. Qe2 Qb1 (35... Qb3 $142 36. Qd2 Ba8) 36. Qc2 Qb3 37. Qxb3 cxb3 {[%emt 0:00:07][%mdl 4096] Endgame KBB-KBN} 38. Nd3 Kf8 39. g3 Ke8 40. Nc5 h6 41. h4 Kd8 42. Ke3 Kc7 43. Kd2 $1 Kc6 44. Bb2 g5 45. hxg5 {[%emt 0:00:00] This move loses the game for White.} (45. fxg5 $15 hxg5 46. h5) 45... hxg5 $19 46. Kc3 $2 {[%emt 0:00:00] [#]} (46. Ke3) 46... gxf4 $1 47. gxf4 {[%emt 0:00:00] [#]} Bh4 $1 48. Nxb3 (48. Kd2 $19 Bg3 49. Ke3) 48... Bxb3 49. Kxb3 {[%emt 0:00:00] KB-KB} Kd5 {[%emt 0:00:00] ( -> ...Bf2)} 50. Kc2 Bg3 {[%emt 0:00:00] Black mates.} 51. Kd3 Bxf4 52. Bc3 Bc1 53. Be1 Bb2 54. Bf2 f4 55. Bg1 Ba3 56. Kc3 Ke4 57. Bf2 Bc1 58. d5 Kxd5 59. Kd3 Bb2 60. Bc5 Bxe5 61. Bf2 f3 62. Bh4 Bd4 63. Be7 Bf2 64. Bf8 Be1 65. Bc5 f2 66. Ke2 Kc4 {[%emt 0:00:00] Weighted Error Value: White=0.39/Black=0.09 (flawless)} 0-1

[Event "4NCL 2022-2023"]
[Site "Daventry"]
[Date "2023.03.18"]
[Round "7.40"]
[White "Stoyanov, Viktor"]
[Black "Burnett, Jim"]
[Result "1-0"]
[ECO "E09"]
[WhiteElo "2243"]
[BlackElo "2042"]
[Annotator "TA"]
[PlyCount "107"]
[EventDate "2022.10.20"]
[EventType "team-tourn"]
[EventCountry "ENG"]
[SourceTitle "playchess.com"]
[Source "ChessBase"]
[SourceQuality "1"]
[TimeControl "40/6000+30:2400+30"]

1. c4 {[%emt 0:01:20] ChessBase II} e6 2. g3 d5 3. Bg2 c6 4. Qc2 Nf6 5. Nf3 Be7 6. O-O O-O 7. d4 Nbd7 8. Nbd2 b6 9. e4 Ba6 {[%emt 0:01:01] 9...dxc4 is becoming the main line.} 10. b3 Rc8 11. Bb2 Qc7 {[%emt 0:00:34] E09: Closed Catalan: Main Line: 7 Qc2 c6 8 Nbd2.} 12. Rfe1 (12. e5 $5 Ng4 13. Rfc1 $14) 12... Rfd8 13. Rac1 Qb8 {[%emt 0:00:27] [#] White has an edge.} 14. h4 $146 ({Predecessor:} 14. Qb1 Bb7 15. h4 a5 16. e5 Ne8 17. cxd5 cxd5 18. Ng5 Nf8 19. Bf1 Rxc1 20. Rxc1 {½-½ Bluebaum,M (2589)-Huss,A (2349) Martigny op 24th 2015 (3)}) 14... h6 15. e5 Ne8 16. a3 Nc7 17. Bf1 Bb7 18. cxd5 Nxd5 19. Qe4 c5 20. Bd3 {[%emt 0:00:00] [#] White wants to mate with Qh7+.} Nf8 {[%emt 0:02:36][%cal Od5b4] Wards off Qh7+} 21. Qe2 cxd4 22. Nxd4 Rxc1 23. Rxc1 Rc8 24. Nc4 Qc7 25. Qe1 {[%emt 0:00:00][%cal Oc4d6] Black must now prevent Nd6!} ({Not} 25. Nd6 $2 Qxc1+ 26. Bxc1 Rxc1+ 27. Kh2 Nc3 28. Nxb7 Nxe2 29. Nxe2 Rd1 $19) (25. Nb5 $5 Nf4 26. Nxc7 (26. gxf4 Qc6 $11) 26... Nxe2+ 27. Bxe2 Rxc7 28. b4 $14) 25... Qd8 {[%emt 0:02:03] Dodges Nd6} 26. Be4 a6 {[%emt 0:05:24] Prevents Nb5} 27. Rd1 Qc7 28. Bg2 Ba8 29. Rc1 {[%emt 0:00:00][%cal Oc4b6] [#] Threatens to win with Nxb6!} Qd8 30. Nd2 Nd7 31. b4 b5 32. N4b3 Rxc1 33. Qxc1 Qc7 34. Qxc7 Nxc7 35. Bd4 Bxg2 36. Kxg2 Kf8 37. Na5 f6 38. Nc6 fxe5 39. Nxe5 Nxe5 40. Bxe5 $11 {[%emt 0:00:02][%mdl 4096] Endgame KBN-KBN} Nd5 41. Kf3 g6 42. Bd4 Ke8 43. Ke4 Kd7 (43... Nf6+ $11 {keeps the balance.} 44. Kf3 Nd7) 44. Nf3 {[%emt 0:01:01] Ne5+ would be deadly.} Bd6 (44... Ke8 $14) 45. Be5 Bf8 46. Bd4 {[%emt 0:03:08] Against Nb6} (46. Bh8 $16) 46... Bd6 $18 47. Ne5+ Kc7 $2 {[%emt 0:00:00] This costs Black the game.} (47... Bxe5 $16 {is a better chance.} 48. Kxe5 (48. Bxe5 Nb6 $14) 48... Ke7 49. Bc5+ Kf7) 48. Nxg6 {[%emt 0:00:00] White is clearly winning.} a5 49. bxa5 Bxa3 50. a6 Bd6 51. g4 b4 52. Kd3 Nf4+ 53. Nxf4 Bxf4 54. Be3 {[%emt 0:00:00] Weighted Error Value: White=0.09 (flawless) /Black=0.22 (precise)} 1-0

[Event "4NCL 2022-2023"]
[Site "Daventry"]
[Date "2023.03.18"]
[Round "7.41"]
[White "Ledger, Andrew J"]
[Black "Freeman, Gordon"]
[Result "0-1"]
[ECO "D07"]
[WhiteElo "2313"]
[BlackElo "2094"]
[Annotator "TA"]
[PlyCount "90"]
[EventDate "2022.10.20"]
[EventType "team-tourn"]
[EventCountry "ENG"]
[SourceTitle "playchess.com"]
[Source "ChessBase"]
[SourceQuality "1"]
[TimeControl "40/6000+30:2400+30"]

1. d4 d5 2. c4 Nc6 3. Nc3 Nf6 4. cxd5 Nxd5 5. Nf3 e5 6. dxe5 {[%emt 0:00:42] D07: Queen's Gambit: Chigorin Defence.} Bb4 7. Bd2 (7. Qc2 {feels hotter.} Qe7 8. Bg5 Qc5 9. Rc1) 7... Nxc3 8. bxc3 {[%emt 0:00:12] The position is equal.} Ba5 9. e3 O-O 10. Qa4 Bb6 11. c4 Qe7 12. Bc3 Bg4 {[%emt 0:04:04] [#]} 13. Be2 $146 ({Predecessor:} 13. Qc2 Ba5 14. Bxa5 Nxa5 15. Be2 Rad8 16. O-O Nc6 17. h3 Bh5 18. Qf5 Bxf3 19. Bxf3 Nxe5 20. Bxb7 {½-½ Greet,A (2460)-Kahl,F (2393) SM-2017-0-00384}) 13... Bxf3 14. Bxf3 Nxe5 15. Be2 {[%emt 0:00:12] Repels Nd3+} (15. Bxb7 $2 Nd3+ 16. Kf1 Nxf2 $19) 15... Rad8 {[%emt 0:04:34] aiming for ...Nd3+.} 16. O-O Nd3 {[%emt 0:17:06][%cal Od3f2] Prevents Qb4.} 17. Qc2 Qe4 {[%emt 0:06:28][%cal Od3f2] Threatens to win with ...Nxf2!} 18. Rac1 (18. Bxd3 $11 {keeps the balance.} Qxd3 19. Qb3) 18... Nxc1 $17 (18... Qxc4 $2 19. Rfd1 $18) 19. Qxc1 f6 20. Qb2 Rfe8 21. Rc1 Qf5 ({Stronger than} 21... Bxe3 22. fxe3 Qxe3+ 23. Kf1 $17) 22. Bf3 c6 23. h3 Re7 24. Bg4 Qg5 25. Kh1 h5 26. Bf3 Red7 27. Qb3 {[%emt 0:00:54] And now c5+ would win.} Kh8 28. Rd1 $2 (28. Qb1 $17 {was worth a try.}) 28... Rxd1+ $19 29. Bxd1 Qf5 30. Bf3 Qd3 {[%emt 0:01:31] ( -> ...Qf1+)} 31. Kg1 {[%emt 0:02:23] Inhibits Qf1+.} h4 {[%emt 0:00:38][%cal Ob6e3] Hoping for ...Bxe3!} 32. Qb2 Qd6 ({Worse is} 32... Qxc4 33. Bxf6 Rd7 34. Bg4 $15) 33. Kf1 Qd3+ $2 (33... Rd7 $19 {Strongly threatening ...f5.} 34. Qc2 Qd3+ 35. Qxd3 Rxd3) 34. Be2 {[%emt 0:00:46] A strong pair of Bishops.} (34. Kg1 $1 $11 {was the only way to keep the balance.}) 34... Qd6 (34... Qf5 $17 35. Kg1 Qg5) 35. Qc2 $2 ({White has to play} 35. Bf3 $1 $11) 35... Qh2 $17 36. Bf3 (36. Bg4 $17) 36... Bc5 $19 37. Ke2 Qd6 38. Qb1 a6 39. Ke1 (39. Be4 $142) 39... Qh2 (39... Qd3 $142 40. Qa1 Qxc4) 40. Ke2 {[%emt 0:00:53] [#]} Qd6 $2 (40... Qc7 $1 41. Bh5 Kg8) 41. Ke1 $1 b5 42. cxb5 cxb5 $40 {[%emt 0:02:18][%mdl 128] Black has strong attack.} (42... axb5 $2 {is the wrong capture.} 43. Kf1) 43. Qf5 (43. Qe4 {is a better defense.}) 43... b4 $2 ({Better is} 43... Bb4 $19 44. Qh5+ Kg8 45. Qd5+ Qxd5 46. Bxd5+ Rxd5 47. Bxb4 Kf7) 44. Qh5+ $11 Kg8 {[%emt 0:00:11] [#]} 45. Be4 $2 bxc3 {[%emt 0:02:02] Weighted Error Value: White=0.49/Black=0.48} 0-1

[Event "4NCL 2022-2023"]
[Site "Daventry"]
[Date "2023.03.18"]
[Round "7.42"]
[White "Delaney, Killian"]
[Black "Ansell, Simon T"]
[Result "1/2-1/2"]
[ECO "A11"]
[WhiteElo "2300"]
[BlackElo "2345"]
[Annotator "TA"]
[PlyCount "49"]
[EventDate "2022.10.20"]
[EventType "team-tourn"]
[EventCountry "ENG"]
[SourceTitle "playchess.com"]
[Source "ChessBase"]
[SourceQuality "1"]
[TimeControl "40/6000+30:2400+30"]

1. Nf3 d5 2. c4 c6 3. e3 Nf6 4. Nc3 a6 5. Qb3 e6 6. a4 {[%emt 0:00:44] A11: English Opening: 1...c6.} Nbd7 7. d4 Bd6 8. Bd2 {[%emt 0:08:24] The position is equal.} O-O 9. Bd3 {[%emt 0:16:45] [#]} Qe7 $146 (9... dxc4 {feels hotter.} 10. Qxc4 e5 11. O-O Nb6) ({Predecessor:} 9... dxc4 10. Qxc4 e5 11. Bc2 Re8 12. Rd1 Qc7 13. h3 b5 14. Qb3 c5 15. dxe5 Nxe5 16. axb5 {½-½ Neidig,S (2232)-Andre,G (2317) Oberliga Ost-A 0304 2003 (3.1)}) 10. h3 dxc4 11. Bxc4 e5 (11... b5 $15 12. Bd3 Bb7) 12. dxe5 (12. O-O {looks sharper.} e4 13. Ng5 h6 14. Nxf7 Rxf7 15. f3) 12... Nxe5 13. Nxe5 Qxe5 14. f4 (14. Bd3 $15) 14... Qe7 $17 15. O-O Bf5 {[%emt 0:00:00] Dodges Qc2} 16. a5 Rad8 17. Rae1 ({Better is} 17. Na4) 17... Bc5 18. Rf2 Ne4 (18... Rd6 $17 19. Bc1 Rfd8) 19. Nxe4 $15 Bxe4 20. f5 (20. Qc3 $15) 20... Qh4 (20... Bd6 $17 {And now ...Bg3 would win.} 21. Rd1 Bg3) 21. Bb4 $11 Bxb4 22. Qxb4 Bd5 23. e4 Bxc4 24. Qxc4 Rfe8 25. Qb3 {[%emt 0:07:12] Weighted Error Value: White=0.23 (precise) /Black=0.23 (precise)} (25. Qb4 $15) 1/2-1/2

[Event "4NCL 2022-2023"]
[Site "Daventry"]
[Date "2023.03.18"]
[Round "7.43"]
[White "Gormally, Daniel W"]
[Black "Wall, Gavin"]
[Result "0-1"]
[ECO "C41"]
[WhiteElo "2448"]
[BlackElo "2290"]
[Annotator "TA"]
[PlyCount "78"]
[EventDate "2022.10.20"]
[EventType "team-tourn"]
[EventCountry "ENG"]
[SourceTitle "playchess.com"]
[Source "ChessBase"]
[SourceQuality "1"]
[TimeControl "40/6000+30:2400+30"]

1. e4 e5 2. Nf3 d6 3. d4 exd4 4. Nxd4 Nf6 5. Nc3 Be7 6. Bf4 O-O 7. Qd2 Nc6 8. O-O-O Nxd4 9. Qxd4 Be6 {[%emt 0:00:17] [#]} 10. Qe3 $146 {[%emt 0:01:20] C41: Philidor Defence.} ({Predecessor:} 10. f3 a6 11. g4 b5 12. Kb1 c5 13. Qd2 b4 14. Nd5 Nxd5 15. exd5 Bd7 16. h4 a5 17. Bd3 a4 18. g5 Re8 {0-1 Ter Sahakyan,S (2605)-Dubov,D (2708) Titled Tuesday intern op 15th Nov Early blitz 2022 (11)}) 10... Ng4 11. Qf3 Bf6 12. h3 {[%emt 0:00:34] The position is equal.} Ne5 13. Qg3 Qe8 14. h4 Qc6 (14... a6 $14) 15. Bg5 $1 $16 Ng4 {[%emt 0:00:30] Threatens to win with ...Bxc3.} 16. Be2 (16. Nd5 $1 $16 Bxd5 17. Rxd5) 16... Bxc3 $11 17. Bxg4 Be5 $36 {[%emt 0:03:53][%mdl 2048] Black is more active.} (17... Qxe4 18. Bxe6 (18. Qxc3 Qxg4 19. f3 Qg3 $17) 18... Bxb2+ 19. Kxb2 $18) 18. f4 Bxg4 (18... Qxe4 $2 19. Bxe6 Bxf4+ 20. Bxf4 $18) 19. Qxg4 Qxe4 20. Qg3 f6 ({Resist} 20... Bd4 21. Rhe1 Qf5 22. Rxd4 $16) 21. Bh6 {[%emt 0:11:54] [#]} (21. fxe5 $11 fxg5 22. exd6 cxd6 23. hxg5) 21... Bxb2+ $1 $15 22. Kxb2 {[%emt 0:00:37][%csl Gh6][%cal Rg3g7] [#]} Qg6 23. Bg5 fxg5 24. hxg5 Rae8 25. Rh4 Re4 (25... Rf5 $17 26. Qb3+ Qf7) 26. Qb3+ Qf7 {[%emt 0:04:41] Hoping for ...Qxb3+.} 27. Qxb7 Rxf4 28. Rxf4 Qxf4 29. Qxc7 $17 {[%emt 0:01:07][%mdl 4096] Endgame KQR-KQR} Qe5+ 30. Kb1 Qb5+ 31. Ka1 {[%emt 0:00:04] [#]} Rb8 $1 ({Not} 31... Qxg5 32. Qc4+ Kh8 33. Qd5 Qf6+ 34. Qd4 $17) 32. Qc3 {[%emt 0:00:03] Wards off Qb2+} Qxg5 33. Re1 $2 {[%emt 0:06:00] This costs White the game.} (33. Rb1 $17 Rf8 34. g3) 33... Qxg2 $19 34. Qc4+ d5 35. Qd4 (35. Qc3 $142 Qg5 36. Qd4) 35... Qxc2 36. Qxd5+ {[%emt 0:00:04] Black is winning.} Kh8 37. Qe5 {[%emt 0:00:03] Inhibits Qb2+.} Rg8 38. Rg1 h6 39. Qd4 a5 {[%emt 0:01:17] Weighted Error Value: White=0.25 (precise) /Black=0.08 (flawless)} 0-1

[Event "4NCL 2022-2023"]
[Site "Daventry"]
[Date "2023.03.18"]
[Round "7.44"]
[White "Thorarinsson, Pall A."]
[Black "Bates, Richard A"]
[Result "0-1"]
[ECO "E33"]
[WhiteElo "2169"]
[BlackElo "2329"]
[Annotator "TA"]
[PlyCount "42"]
[EventDate "2022.10.20"]
[EventType "team-tourn"]
[EventCountry "ENG"]
[SourceTitle "playchess.com"]
[Source "ChessBase"]
[SourceQuality "1"]
[TimeControl "40/6000+30:2400+30"]

1. d4 Nf6 2. c4 e6 3. Nc3 Bb4 4. Qc2 Nc6 5. Nf3 d6 6. Bd2 O-O 7. a3 Bxc3 8. Bxc3 Qe7 9. e3 e5 10. d5 {[%emt 0:04:12] E33: Nimzo-Indian: Classical: 4...Nc6.} Nb8 11. Bd3 Nbd7 {[%emt 0:05:29] [#] And now ...e4 would win. 11...a5 is more fashionable.} 12. Nd2 {[%emt 0:02:41] The position is equal.} Nc5 13. O-O Bd7 14. f4 exf4 15. Rae1 {[%emt 0:05:47] [#]} (15. Bxf6 $2 Qxe3+ 16. Kh1 Nxd3 $19) 15... Rfe8 $146 (15... fxe3 $2 16. Bxf6 gxf6 17. Bxh7+ Kg7 18. Rf3 $16) ({Predecessor:} 15... Nxd3 16. Qxd3 f3 17. gxf3 Bh3 18. Rf2 Nd7 19. Kh1 f6 20. e4 Nc5 21. Qc2 c6 {1-0 Rowson,J (2546)-Bates,R (2346) BCF-chT 2223 (4NCL) 2022 (2.4)}) 16. exf4 (16. Bxf6 $14 Qxf6 17. Bxh7+ (17. exf4 $2 {perishes.} Qd4+ 18. Kh1 Nxd3 $19) 17... Kf8 18. b4 (18. Rxf4 Qxf4 19. exf4 Rxe1+ 20. Kf2 Rae8 $17)) 16... Qxe1 $15 17. Rxe1 Rxe1+ 18. Kf2 $2 (18. Nf1 $15 Ba4 {[%mdl 64] Deflection} 19. Qf2 Nxd3 20. Qg3) 18... Rae8 $2 ({Better is} 18... Rc1 $19 19. Bxf6 (19. Qxc1 $2 {too greedy.} Nxd3+ 20. Kf3 Nxc1 $19) (19. Bxh7+ $2 Nxh7 20. Qxc1 Nd3+ 21. Kf3 Nxc1 $19) 19... Rxc2 20. Bxc2 gxf6) 19. Bxf6 $11 gxf6 20. Bxh7+ $2 (20. Bf1 $11 {and White is okay.}) 20... Kg7 $19 21. Bd3 {[%emt 0:00:32] [#] Repels R8e2+} (21. Nf3 R8e2+ 22. Qxe2 Rxe2+ 23. Kxe2 Kxh7 24. Nd4) 21... Rc1 $3 {[%emt 0:00:25][%mdl 576] Decoy. An interesting game.   Weighted Error Value: White=1.69/Black=0.68} 0-1

[Event "4NCL 2022-2023"]
[Site "Daventry"]
[Date "2023.03.18"]
[Round "7.45"]
[White "Duncan, Chris R"]
[Black "Venkatesan, Kavin"]
[Result "1/2-1/2"]
[ECO "B31"]
[WhiteElo "2174"]
[BlackElo "2184"]
[Annotator "TA"]
[PlyCount "51"]
[EventDate "2022.10.20"]
[EventType "team-tourn"]
[EventCountry "ENG"]
[SourceTitle "playchess.com"]
[Source "ChessBase"]
[SourceQuality "1"]
[TimeControl "40/6000+30:2400+30"]

1. e4 c5 2. Nc3 Nc6 3. Bb5 Nd4 4. Nf3 g6 5. Nxd4 cxd4 6. Ne2 Bg7 7. O-O e5 {[%emt 0:09:50] B31: Sicilian: 2...Nc6 3 Bb5 g6.} (7... Nf6 $11) 8. c3 Ne7 9. cxd4 exd4 {[%emt 0:01:21] White has an edge.} 10. d3 O-O 11. Bg5 {[%emt 0:05:23] [#]} h6 $146 ({Predecessor:} 11... f6 12. Bh4 g5 13. Bg3 f5 14. Bd6 Kh8 15. Qa4 a6 16. Rac1 fxe4 17. dxe4 Rf6 {0-1 Belica,M (2108)-Hilzinger,M (2087) Verbandsliga Nord Baden 1112 2011 (2.3)}) 12. Bf4 {[%emt 0:00:59] White has more active pieces.} d5 13. Qd2 (13. Rc1 $11 dxe4 14. dxe4) 13... Qb6 14. Ba4 dxe4 15. dxe4 Bg4 (15... g5 $11 16. Bg3 f5 17. exf5 Nxf5) 16. h3 $14 (16. Bxh6 $2 {loses.} Bxh6 17. Qxh6 Bxe2 $19) 16... Bxe2 17. Qxe2 Rfd8 18. Qd2 g5 19. Bg3 Ng6 (19... d3 $5 ) 20. Rac1 {[%emt 0:02:22] With the idea Bc7.} (20. Bb3 {with more complications.} d3 21. Bd5 Be5 22. Qxd3 Bxg3 23. Qxg3 Nf4 24. Qf3) 20... Rac8 {[%emt 0:01:26] Prevents Bc7.} 21. Bb3 Rxc1 22. Rxc1 {[%emt 0:00:05] [#] Bc7 would be deadly.} Rd7 {[%emt 0:00:24] Dodges Bc7. Black is weak on the light squares} 23. Kh1 Kh7 24. f3 d3 25. Ba4 {[%emt 0:15:59] A strong pair of Bishops.} Qxb2 26. Qxb2 {[%emt 0:10:02] Weighted Error Value: White=0.19 (very precise) /Black=0.16 (very precise)} 1/2-1/2